 Dungeon Crawl Stone Soup version 0.22-a0-135-g6f012ad (webtiles) character file.

79 KristoblXynda the Insei (level 4, -3/29 HPs)
             Began as an Octopode Transmuter on Feb 1, 2018.
             Slain by a gnoll
             ... wielding a +0 halberd
              (10 damage)
             ... on level 2 of the Dungeon.
             The game lasted 00:03:28 (1578 turns).

KristoblXynda the Insei (Octopode Transmuter)       Turns: 1578, Time: 00:03:29

Health: -3/29      AC:  1    Str: 10    XL:     4   Next: 37%
Magic:  6/7        EV: 13    Int: 15    God:
Gold:   53         SH:  0    Dex: 12    Spells: 1/7 levels left

rFire    . . .     SeeInvis .     - Unarmed
rCold    . . .     Gourm    .   (no shield)
rNeg     . . .     Faith    .   (helmet restricted)
rPois    +         Spirit   .   (no amulet)
rElec    .         Reflect  .   d - ring of poison resistance
rCorr    .         Harm     .   (no ring)
MR       .....                  (no ring)
Stlth    ++........             (no ring)
HPRegen  0.09/turn              (no ring)
MPRegen  0.10/turn              (no ring)
                                (no ring)
                                (no ring)

@: appendage (expiring)
A: almost no armour, stealthy swim, amphibious, 8 rings, constrict 8, tentacle
spike 3, camouflage 1, gelatinous body 1
a: End Transformation


You were on level 2 of the Dungeon.
You were not hungry.
One of your tentacles had a temporary spike.
You visited 1 branch of the dungeon, and saw 2 of its levels.

You collected 53 gold pieces.

Inventory:

Hand Weapons
 e - a +0 dagger
Missiles
 a - 56 arrows
Jewellery
 d - a ring of poison resistance (left tentacle)
 f - an uncursed ring of protection from cold {unknown}
Scrolls
 g - a scroll of enchant armour
 h - a scroll of identify {unknown}
 i - 2 scrolls of remove curse {unknown}
 k - a scroll of random uselessness {unknown}
Potions
 j - a potion of haste {unknown}
Books
 b - a book of Changes

   Spells                             Type                      Level
   a - Beastly Appendage              Transmutation                1
   b - Sticks to Snakes               Transmutation                2
   c - Spider Form                    Transmutation/Poison         3
   d - Ice Form                       Ice/Transmutation            4
   e - Blade Hands                    Transmutation                5
Comestibles
 c - 5 rations


   Skills:
 + Level 2.0 Fighting
 - Level 2.0 Dodging
 * Level 4.1 Unarmed Combat
 - Level 2.0 Spellcasting
 + Level 2.7 Transmutations


You had one spell level left.
You knew the following spells:

 Your Spells              Type           Power        Failure   Level  Hunger
a - Beastly Appendage     Tmut           #.....       7%          1    #......
b - Sticks to Snakes      Tmut           #.......     11%         2    ###....
c - Spider Form           Tmut/Pois      #.........   36%         3    ###....


Dungeon Overview and Level Annotations

Branches:
Dungeon (2/15)

Altars:
Uskayaw
The Shining One


Innate Abilities, Weirdness & Mutations

You cannot wear most types of armour.
You are very stealthy in the water. (Stealth+)
You are amphibious.
You can wear up to eight rings at the same time.
You can use your tentacles to constrict eight enemies at once.
Your skin changes colour to match your surroundings (Stealth+).
Your rubbery body absorbs attacks. (AC +1, EV +1)
One of your tentacles bears a large vicious spike.


Message History

The gnoll closely misses you.
You barely miss the gnoll. You grab the gnoll.
You pierce the gnoll.
The gnoll is lightly wounded.
You constrict the gnoll. The gnoll completely misses you.
You tentacle-slap the gnoll.
The gnoll is heavily wounded.
You constrict the gnoll. The gnoll closely misses you.
You tentacle-slap the gnoll but do no damage.
You pierce the gnoll.
The gnoll is severely wounded.
You constrict the gnoll. The gnoll barely misses you.
The gnoll hits you with a spear!
You tentacle-slap the gnoll.
You kill the gnoll!
The gnoll hits you with a halberd!
* * * LOW HITPOINT WARNING * * *
You tentacle-slap the gnoll. Your grab misses the gnoll.
The gnoll is lightly wounded.
The gnoll hits you with a halberd!
You die...

#.g.###### #.# #. ...gg..g.# #.#
#. #..g####.# #.# #. # #g# #.# #.
#.# #.# #. #########
#.############.# #. ........#
#.#............# #. #######.#
#..#)#########.# #. ##
#.####.###@########.# #.
.######.....## ##g........######.
.............###.###^............
.############.#g## #.####.#######
## ##.## #.# #.# #.# #.# #.# #.#
#.# #.# #.#####.####.#
#............#


You could see a gnoll.

Vanquished Creatures
  A gnoll (D:2)
  3 adders (D:2)
  An ooze (D:2)
  2 leopard geckos (D:1)
  An orc (D:2)
  3 bats
  4 giant cockroaches
  5 goblins
  5 hobgoblins
  A kobold (D:1)
  2 frilled lizards
  8 rats
36 creatures vanquished.

Notes
Turn   | Place    | Note
-------+----------+-------------------------------------------
     0 | D:1      | KristoblXynda the Octopode Transmuter began the quest for the Orb.
     0 | D:1      | Reached XP level 1. HP: 13/13 MP: 3/3
    92 | D:1      | Reached XP level 2. HP: 7/18 MP: 5/5
   148 | D:1      | Found a glowing golden altar of the Shining One.
   789 | D:1      | You fall through a shaft!
   807 | D:2      | Reached XP level 3. HP: 16/23 MP: 6/6
  1032 | D:2      | Found a hide-covered altar of Uskayaw.
  1340 | D:2      | Reached skill level 4 in Unarmed Combat
  1351 | D:2      | Learned a level 2 spell: Sticks to Snakes
  1355 | D:2      | Learned a level 3 spell: Spider Form
  1441 | D:2      | Reached XP level 4. HP: 26/29 MP: 7/7
  1578 | D:2      | Slain by a gnoll

Vault maps used:
D:1:      dpeg_arrival_rooms_b, tso_metal_star
D:2:      lemuel_crystal_altar

Skill      XL: |  1  2  3 |
---------------+----------+-----
Unarmed Combat | 4 |  4.1
Fighting       | 2 |  2.0
Dodging        | |  2.0
Spellcasting   | |  2.0
Transmutations | |  2.7

Action                   |  1- 3 |  4- 6 || total
-------------------------+-------+-------++-------
Melee: Unarmed           |    76 |    10 ||    86
       Constrict         |    20 |     3 ||    23
       Tentacles         |    13 |     1 ||    14
       Punch             |     1 |       ||     1
       Kick              |       |     2 ||     2
 Cast: Beastly Appendage |     1 |     1 ||     2
  Use: Scroll            |     1 |       ||     1
 Stab: Distracted        |     1 |       ||     1
       Sleeping          |     3 |       ||     3
  Eat: Chunk             |     2 |       ||     2
Armor: Skin              |     8 |       ||     8
Dodge: Dodged            |    41 |     8 ||    49

Table legend:
 A = Spawn XP
 B = Non-spawn XP
 C = Spawn XP percentage of total XP
 D = Spawn monster count
 E = Non-spawn monster count
 F = Spawn count percentage of total count
 G = Total turns spent on level
                    A         B        C        D         E        F      G
               +---------+---------+-------+---------+---------+-------+---------
         Total |       0 |     113 |   0.0 |       0 |      36 |   0.0 |  1578
               +---------+---------+-------+---------+---------+-------+---------
           D:1 |       0 |      36 |   0.0 |       0 |      21 |   0.0 |   953
           D:2 |       0 |      77 |   0.0 |       0 |      15 |   0.0 |   625
               +---------+---------+-------+---------+---------+-------+---------
